 Dungeon Crawl Stone Soup version 0.18.1-48-g4cf74bf (webtiles) character file.

6806 dearth the Basher (level 10, -5/91 HPs)
             Began as a Minotaur Fighter on Aug 3, 2016.
             Was an Elder of Okawaru.
             Killed by divine providence
             ... invoked by an orc priest
              (15 damage)
             ... on level 11 of the Dungeon.
             The game lasted 00:21:58 (8713 turns).

dearth the Basher (Minotaur Fighter)                Turns: 8713, Time: 00:21:58

Health: -5/91      AC: 10    Str: 22 (23) XL:     10   Next: 77%
Magic:  11/11      EV:  8    Int:  2 (5)  God:    Okawaru [****..]
Gold:   597        SH: 13    Dex: 13      Spells: 0 memorised, 9 levels left

rFire  + . .     SeeInvis .     a - +1 flail
rCold  + . .     Gourm    .     b - +0 scale mail
rNeg   . . .     Faith    .     c - +1 shield
rPois  .         Spirit   .     x - +2 hat
rElec  .         Dismiss  .     (no cloak)
rCorr  .         Reflect  .     (no gloves)
SustAt .         Harm     .     (no boots)
MR     .....                    (no amulet)
Stlth  ..........               L - ring of protection from cold
                                P - ring of protection from fire

@: not resistant to hostile enchantments, extremely unstealthy
A: retaliatory headbutt, horns 2, agile 1, wild magic 1
a: Heroism, Renounce Religion


You were on level 11 of the Dungeon.
You worshipped Okawaru.
Okawaru was greatly pleased with you.
You were not hungry.

You visited 2 branches of the dungeon, and saw 12 of its levels.

You collected 597 gold pieces.

Inventory:

Hand Weapons
 a - a +1 flail (weapon)
Armour
 b - a +0 scale mail (worn)
 c - a +1 shield (worn)
 x - a +2 hat (worn)
Jewellery
 C - an uncursed ring of protection from magic
 G - an uncursed ring of positive energy
 L - a ring of protection from cold (right hand)
 P - a ring of protection from fire (left hand)
Wands
 r - a wand of flame (29/48)
 w - a wand of flame (36/48)
 z - a wand of digging (24/24)
 N - a wand of iceblast (4/15)
 O - a wand of flame (23/48)
Scrolls
 e - 3 scrolls of recharging
 g - a scroll of fog
 k - 2 scrolls of enchant weapon
 l - 6 scrolls of identify
 m - 4 scrolls of remove curse
 o - 2 scrolls of fear
 q - 2 scrolls of enchant armour
Potions
 d - 2 potions of might
 h - a potion of heal wounds {unknown}
 s - a potion of agility
 u - 2 potions of brilliance
 v - a potion of curing
 H - a potion of ambrosia
Books
 y - a book of Spatial Translocations

   Spells                             Type                      Level
   a - Apportation                    Translocation                1
   b - Blink                          Translocation                2
   c - Shroud of Golubria             Charms/Translocation         2
   d - Portal Projectile              Translocation                3
   e - Teleport Other                 Translocation                3
   f - Passage of Golubria            Translocation                4
 B - a book of Enchantments

   Spells                             Type                      Level
   a - Cause Fear                     Hexes                        4
   b - Yara's Violent Unravelling     Hexes/Transmutation          5
   c - Silence                        Hexes/Air                    5
   d - Deflect Missiles               Charms/Air                   6
   e - Haste                          Charms                       6
   f - Discord                        Hexes                        8
Comestibles
 f - 5 bread rations
 n - 5 meat rations
 A - 2 beef jerkies
 I - 8 slices of pizza
 J - 5 fruits


   Skills:
 + Level 9.3 Fighting
 * Level 12.2 Maces & Flails
 + Level 9.3 Armour
 + Level 9.4 Shields
 - Level 3.5 Invocations


You had 9 spell levels left.
You didn't know any spells.

Dungeon Overview and Level Annotations

Branches:
Dungeon (11/15)            Temple (1/1) D:5             Orc (0/2) D:11
   Lair: D:8-11

Altars:
Ashenzari
Cheibriados
Dithmenos
Elyvilon
Fedhas
Gozag
Kikubaaqudgha
Makhleb
Nemelex Xobeh
Okawaru
Pakellas
Qazlal
Ru
Sif Muna
Trog
Vehumet
Xom
Yredelemnul
Zin
The Shining One

Shops:
D:10 }


Innate Abilities, Weirdness & Mutations

You reflexively headbutt those who attack you in melee.
You have a pair of horns on your head.
You are agile. (Dex +2)
Your spells are a little harder to cast, but a little more powerful.


Message History

2 orcs, an orc warrior and an orc priest come into view.
The orc shouts!
The orc warrior shouts!
The orc shouts!
The orc priest miscasts a cantrip.
The orc priest looks braver for a moment.
Things that are here:
23 bolts; a beef jerky The orc priest calls down the wrath of Beogh upon you.
Beogh smites you!
* * * LOW HITPOINT WARNING * * *
An orc and an orc wizard come into view.
The orc priest mumbles some strange prayers to Beogh against you.
Beogh smites you!
* * * LOW HITPOINT WARNING * * *
Things that are here:
23 bolts; a beef jerky The orc priest miscasts a cantrip.
The orc priest miscasts a cantrip.
The orc priest mumbles some strange prayers to Beogh against you.
Beogh smites you!
You die...

######.......# ####...#.#
.............+ +........#
######.......# ####...#.#
##..##### ##.....
#######################.###.
.....................##)# #.
..................#).##)###.
......o...........#..#......
.o..o.ooo..@.>......)..##.##
...o%.....##.........####(#
....?o...............#.##(#
.....................#...)#
######################)####
#.)†## ##.## ...# #####


You could see an orc warrior, 3 orc priests and 2 orcs.

Vanquished Creatures
  A hydra (D:9)
  Joseph (D:10)
  A troll (D:10)
  A two-headed ogre (D:10)
  A slime creature (D:6)
  2 yaks (D:9)
  A hippogriff (D:7)
  A water moccasin (D:6)
  4 orc warriors
  An ice beast (D:7)
  A sky beast (D:5)
  5 black bears
  7 ogres
  A phantom (D:4)
  A necrophage (D:10)
  4 centaurs
  A wyvern zombie (D:9)
  6 big kobolds
  3 giant frogs
  3 scorpions
  A howler monkey (D:7)
  11 crimson imps
  2 giant frog zombies (D:10)
  A quasit (D:10)
  6 orc priests
  5 hounds
  8 jellies
  A centaur skeleton (D:6)
  Terence (D:3)
  3 iguanas
  5 worker ants
  6 orc wizards
  A killer bee zombie (D:10)
  2 sheep (D:9)
  A hound skeleton (D:5)
  3 gnolls (D:10)
  A howler monkey skeleton (D:4)
  5 adders
  2 shadow imps
  15 oozes
  An adder skeleton (D:10)
  A dart slug (D:3)
  29 orcs
  7 bats
  8 giant cockroaches
  6 goblins
  3 hobgoblins (D:1)
  3 jackals
  7 quokkas
  A ball python (D:2)
  3 giant newts
  15 kobolds
  A quokka skeleton (D:10)
  A quokka zombie (D:9)
  8 rats
  A fungus (D:6)
221 creatures vanquished.

Vanquished Creatures (others)
  6 fungi (D:6)
6 creatures vanquished.

Grand Total: 227 creatures vanquished

Notes
Turn   | Place    | Note
--------------------------------------------------------------
     0 | D:1      | dearth the Minotaur Fighter began the quest for the Orb.
     0 | D:1      | Reached XP level 1. HP: 19/19 MP: 0/0
   375 | D:1      | Reached XP level 2. HP: 27/27 MP: 1/1
   486 | D:1      | Reached skill level 3 in Maces & Flails
  1138 | D:2      | Reached XP level 3. HP: 28/33 MP: 2/2
  1495 | D:2      | Found a faded altar to an unknown god.
  1700 | D:2      | Reached skill level 4 in Maces & Flails
  1700 | D:2      | Reached XP level 4. HP: 40/40 MP: 3/3
  2073 | D:3      | Noticed Terence
  2080 | D:3      | Killed Terence
  2263 | D:4      | Noticed a phantom
  2271 | D:4      | Reached XP level 5. HP: 30/46 MP: 4/4
  2293 | D:4      | Found a white marble altar of Elyvilon.
  2313 | D:4      | Killed a phantom
  2313 | D:4      | Reached skill level 5 in Maces & Flails
  2375 | D:4      | Reached skill level 5 in Shields
  2375 | D:4      | Reached XP level 6. HP: 24/53 MP: 5/5
  2613 | D:4      | Found a shimmering altar of Xom.
  2662 | D:4      | Reached skill level 5 in Armour
  2781 | D:4      | Reached skill level 5 in Fighting
  2974 | D:5      | Entered Level 5 of the Dungeon
  2993 | D:5      | Noticed an angel
  2993 | D:5      | Found a glowing silver altar of Zin.
  2996 | D:5      | Found a shimmering altar of Xom.
  3388 | D:5      | Reached skill level 6 in Maces & Flails
  3388 | D:5      | Reached XP level 7. HP: 57/61 MP: 6/6
  3442 | D:5      | Found a staircase to the Ecumenical Temple.
  3850 | D:6      | Found an opulent altar of Gozag.
  3974 | Temple   | Entered the Ecumenical Temple
  3994 | Temple   | Became a worshipper of Warmaster Okawaru
  4028 | D:6      | Reached skill level 7 in Maces & Flails
  4380 | D:6      | Reached XP level 8. HP: 64/70 MP: 7/7
  4623 | D:6      | Reached * piety under Okawaru
  4805 | D:6      | Noticed a slime creature
  4818 | D:6      | Killed a slime creature
  4818 | D:6      | Reached skill level 8 in Maces & Flails
  5057 | D:7      | Found an ancient bone altar of Kikubaaqudgha.
  5128 | D:7      | Reached ** piety under Okawaru
  5128 | D:7      | Reached skill level 9 in Maces & Flails
  5138 | D:7      | Found a radiant altar of Vehumet.
  5210 | D:7      | Reached XP level 9. HP: 44/79 MP: 5/8
  5834 | D:8      | Reached skill level 10 in Maces & Flails
  6120 | D:8      | Reached *** piety under Okawaru
  6304 | D:8      | Reached skill level 1 in Invocations
  6546 | D:9      | Reached skill level 11 in Maces & Flails
  6546 | D:9      | Reached XP level 10. HP: 51/88 MP: 10/10
  6577 | D:9      | Noticed a three-headed hydra
  6587 | D:9      | Killed a three-headed hydra
  6587 | D:9      | Reached **** piety under Okawaru
  7138 | D:10     | Entered Level 10 of the Dungeon
  7138 | D:10     | Noticed Joseph
  7162 | D:10     | Killed Joseph
  7742 | D:10     | Gained mutation: Your spells are a little harder to cast, but a little more powerful. [potion of beneficial mutation]
  7743 | D:10     | Gained mutation: You are agile. (Dex +2) [potion of beneficial mutation]
  8090 | D:10     | Found Guqer's Gadget Emporium.
  8241 | D:10     | Reached skill level 12 in Maces & Flails
  8638 | D:11     | Found a staircase to the Orcish Mines.
  8713 | D:11     | Killed from afar by an orc priest

Skill      XL: |  1  2  3  4  5  6  7  8  9 10 |
---------------+-------------------------------+-----
Maces & Flails | 3 4 5 6 7 9 11 12 | 12.2
Armour         | 4 5 6 7 8 9 |  9.3
Shields        | 4 5 6 7 8 9 |  9.4
Fighting       | 4 5 7 8 9 |  9.3
Invocations    | 2 3 |  3.5

Action                   |  1- 3 |  4- 6 |  7- 9 | 10-12 || total
-------------------------+-------+-------+-------+-------++-------
Melee: Flail             |    70 |   113 |   323 |   208 ||   714
       Headbutt          |    10 |    24 |    79 |    43 ||   156
Invok: Heroism           |       |       |     2 |     1 ||     3
  Use: Potion            |       |       |       |    12 ||    12
       Scroll            |       |       |       |    11 ||    11
  Eat: Chunk             |     2 |     1 |     6 |       ||     9
       Bread ration      |       |     1 |       |       ||     1
       Meat ration       |       |       |     1 |       ||     1
       Fruit             |       |       |       |    10 ||    10
Armor: Scale mail        |    34 |    65 |   104 |    58 ||   261
Dodge: Dodged            |    24 |    34 |    68 |    51 ||   177
Block: Shield            |    44 |    52 |   144 |    88 ||   328
